 Dungeon Crawl Stone Soup version 0.31-a0-182-gc5ef74bbde (webtiles) character file.

Game seed: 7887192273602328367

4699 qw the Cleaver (level 10, -4/64 HPs)
             Began as a Gargoyle Fighter on June 21, 2023.
             Was a Follower of Okawaru.
             Killed from afar by a black draconian (9 damage)
             ... with a bolt of lightning
             ... on level 1 of the Abyss.
             The game lasted 00:03:21 (6835 turns).

qw the Cleaver (Gargoyle Fighter)                   Turns: 6835, Time: 00:03:22

Health: -4/64      AC: 21    Str: 19      XL:     10   Next: 45%
Magic:  10/10      EV: 14    Int:  8 (10) God:    Okawaru [*.....]
Gold:   361        SH:  6    Dex:  9      Spells: 9/9 levels left

rFire   . . .        Y - +1 war axe
rCold   . . .        c - +0 buckler
rNeg    + . .        o - +0 chain mail
rPois   inf          j - +1 helmet
rElec   +            (no cloak)
rCorr   .            (no gloves)
SInv    .            (no boots)
Will    .....        (no amulet) Stlth
                     e - +4 ring of slaying {mikee}
HPRegen 0.30/turn    r - +5 ring of evasion
MPRegen 0.12/turn

%: no passive effects
@: heroic
A: sickness immunity, AC +7, negative energy resistance 1, electricity
resistance, torment resistance 1, petrification resistance, [low MP 2], [weak 2]
a: Renounce Religion, Heroism


You were on level 1 of the Abyss.
You worshipped Okawaru.
Okawaru was aware of your devotion.
You visited 2 branches of the dungeon, and saw 9 of its levels.
You visited the Abyss 1 time.

You collected 361 gold pieces.


Innate Abilities, Weirdness & Mutations

You are immune to sickness and miasma.
Your stone body is resilient. (AC +7)
You are immune to poison.
You resist negative energy. (rN+)
You are resistant to electric shocks. (rElec)
You are resistant to unholy torment.
You are immune to petrification.
[Your magical capacity is very low. (-20% MP)]
[You are very weak. (Str -4)]


   Skills:
 - Level 8.3(13.3) Fighting
 + Level 10.4(15.4) Axes
 - Level 2.2(7.2) Throwing
 - Level 5.0(10.0) Armour
 - Level 1.4(6.4) Dodging
 - Level 5.2(10.2) Shields
 - Level 4.0 Invocations


You had 9 spell levels left.
You didn't know any spells.
Your spell library was empty.

Inventory:

Hand Weapons
 a - a -2 morningstar
 b - a +2 flail of holy wrath
 Y - a +1 war axe (weapon)
Armour
 c - a +0 buckler (worn)
 j - a +1 helmet (worn)
 o - a +0 chain mail (worn)
 q - +0 acid dragon scales
Jewellery
 e - a +4 ring of slaying (left hand) {mikee}
 r - a +5 ring of evasion (right hand)
Scrolls
 l - 2 scrolls of identify
Potions
 d - a potion of might
 f - a potion of attraction
 h - a potion of resistance
 i - a potion of enlightenment
 k - a potion of cancellation
 m - 5 potions of curing

Dungeon Overview and Level Annotations

Branches:
Dungeon (8/15)             Temple (1/1) D:6
   Lair: D:8-11

Altars:
Cheibriados
Elyvilon
Fedhas
Gozag
Hepliaklqana
Makhleb
Okawaru
Sif Muna
Trog
Uskayaw
Yredelemnul
The Shining One

Shops:
D:1 :   D:4 [

Annotations:
D:8 exclusion: lava snake, Psyche


Message History

6798 ||| Stepping ~*~*~tactically~*~*~ (stealth).
You start resting.
A black draconian comes into view. It is wielding a +0 scimitar.
6824 ||| Stepping ~*~*~tactically~*~*~ (stealth).
6825 ||| Stepping ~*~*~tactically~*~*~ (stealth).
The wretched star glows turbulently.
The lance of force hits you!!
You are knocked back by the lance of force.
The black draconian roars!
You hear a shout!
The black draconian breathes lightning at you.
The bolt of lightning hits you! You resist.
You hear an angry hiss.
You hear a hideous shriek! x2
6828 ||| INVOKING Heroism.
You gain the combat prowess of a mighty hero.
The wretched star glows turbulently.
The lance of force hits you!
You are knocked back by the lance of force.
You slam into the rock wall!
The black draconian completely misses you.
You slash the black draconian!
The black draconian is lightly wounded.
You hit the wretched star but do no damage.
The wretched star pulses with an eldritch light!
You feel weaker. x2
The black draconian hits you with a +0 scimitar!
You closely miss the black draconian.
The black draconian is lightly wounded.
You slash the wretched star! You barely miss the black draconian.
The black draconian is lightly wounded.
You hit the wretched star. The black draconian closely misses you.
You hit the wretched star.
The wretched star is moderately damaged.
You closely miss the black draconian.
The wretched star pulses with an eldritch light!
You feel less energetic. x2
The black draconian breathes lightning at you.
The bolt of lightning hits you! You resist.
You die...

#.###. # .
#.#..##.###
.##..........#
......##.#.##
#..........'
#.#......#.
#..#......##
###.*.d......
#....@.....#..
#..#.....#.....#
#. #........###
#. #.##......# #
. .. ###..#..#.#
# . # #...### #
. ##. . #.. . #.


You could see a black draconian (catching breath) and a wretched star.

Vanquished Creatures
  Pikel (D:5)
  A hornet (D:8)
  A large abomination (Abyss:1)
  2 ynoxinuls (Abyss:1)
  A wraith (D:6)
  2 wyverns
  A steam dragon (D:7)
  Eustachio (D:5)
  A neqoxec (Abyss:1)
  Edmund (D:5)
  2 water moccasins (D:6)
  Duvessa (D:4)
  A black bear (D:7)
  2 ogres
  3 centaurs
  A phantom (D:7)
  A bullfrog (D:8)
  A kobold brigand (D:7)
  4 scorpions (D:4)
  4 wights (D:6)
  Dowan (D:4)
  4 killer bees
  3 howler monkeys
  A quasit (Abyss:1)
  A hound (D:5)
  3 orc priests
  An iron imp (Abyss:1)
  Jessica (D:2)
  Natasha (thrice) (D:4)
  7 orc wizards
  2 sleepcaps
  Robin (D:3)
  11 gnolls
  5 adders
  A shadow imp (D:5)
  2 white imps
  4 ufetubi
  3 worms
  26 orcs
  8 endoplasms
  A giant cockroach (D:4)
  13 goblins
  8 hobgoblins
  4 quokkas
  7 ball pythons
  12 bats
  2 frilled lizards
  13 kobolds
  5 rats
185 creatures vanquished.

Notes
Turn   | Place    | Note
-------+----------+-------------------------------------------
     0 | D:1      | qw the Gargoyle Fighter began the quest for the Orb.
     0 | D:1      | Reached XP level 1. HP: 14/14 MP: 1/1
     0 | D:1      | 0 ||| qw: Version: 0.3-a-9-g12657ce
     0 | D:1      | 0 ||| qw: Game counter: 1562
     0 | D:1      | 0 ||| qw: Always use a shield: true
     0 | D:1      | 0 ||| qw: God list: Okawaru
     0 | D:1      | 0 ||| qw: Allow faded altars: false
     0 | D:1      | 0 ||| qw: Do Orc after D:15 true
     0 | D:1      | 0 ||| qw: Do second Lair branch before Depths: true
     0 | D:1      | 0 ||| qw: Lair rune preference: random
     0 | D:1      | 0 ||| qw: Plans: Normal, Zot:1-4, Slime:5, God:TSO, Crypt,
                  | Tomb, Abyss, Pan, Hells, Win
     0 | D:1      | 0 ||| PLANNING D:1-11
    49 | D:1      | Reached skill level 2 in Axes
    76 | D:1      | Found Ejexum's Book Boutique.
   295 | D:1      | Reached XP level 2. HP: 19/19 MP: 2/2
   316 | D:1      | 316 ||| Stepping ~*~*~tactically~*~*~ (stealth).
   459 | D:1      | 459 ||| Stepping ~*~*~tactically~*~*~ (stealth).
   461 | D:1      | 461 ||| Stepping ~*~*~tactically~*~*~ (stealth).
   530 | D:1      | Found a faded altar of an unknown god.
   643 | D:1      | 643 ||| Stepping ~*~*~tactically~*~*~ (stealth).
   649 | D:1      | Reached skill level 3 in Axes
   820 | D:1      | 820 ||| UPGRADING to +4 ring of slaying {mikee}.
   821 | D:1      | 821 ||| READING scroll labelled BAWYMY POHU.
   822 | D:1      | 822 ||| READING scroll labelled QITZIX UKHLUDUPN.
   823 | D:1      | 823 ||| READING scroll labelled XONEKO BAEM.
   824 | D:1      | 824 ||| DRINKING 2 sedimented amethyst potions.
   845 | D:2      | Found a glowing golden altar of the Shining One.
   855 | D:2      | Reached XP level 3. HP: 18/23 MP: 3/3
   932 | D:2      | 932 ||| Stepping ~*~*~tactically~*~*~ (stealth).
   956 | D:2      | 956 ||| Stepping ~*~*~tactically~*~*~ (stealth).
  1143 | D:2      | Noticed Jessica
  1155 | D:2      | Killed Jessica
  1156 | D:2      | Reached XP level 4. HP: 18/28 MP: 4/4
  1394 | D:2      | Reached skill level 4 in Axes
  1529 | D:2      | 1529 ||| READING scroll labelled EFOL RIFYATID.
  1530 | D:2      | 1530 ||| READING scroll labelled XYNWUA MUCOZ.
  1557 | D:3      | 1557 ||| Stepping ~*~*~tactically~*~*~ (stealth).
  1560 | D:3      | 1560 ||| Stepping ~*~*~tactically~*~*~ (stealth).
  1562 | D:3      | 1562 ||| Stepping ~*~*~tactically~*~*~ (stealth).
  1563 | D:3      | Noticed Robin
  1575 | D:3      | Killed Robin
  1576 | D:3      | Reached skill level 1 in Throwing
  1657 | D:3      | 1657 ||| Stepping ~*~*~tactically~*~*~ (stealth).
  1715 | D:3      | 1715 ||| FLEEEEING.
  1767 | D:3      | Reached XP level 5. HP: 32/32 MP: 5/5
  2238 | D:3      | 2238 ||| UPGRADING to +0 helmet.
  2243 | D:3      | 2243 ||| UPGRADING to +0 chain mail.
  2253 | D:3      | 2253 ||| DROPPING +0 scale mail.
  2254 | D:3      | 2254 ||| READING scroll labelled LOSENOK KIOTH.
  2255 | D:3      | 2255 ||| READING scroll labelled GIAFU RAIGA.
  2256 | D:3      | 2256 ||| READING scroll labelled RUDWEBB QOGUA.
  2257 | D:3      | 2257 ||| DRINKING 2 golden potions.
  2300 | D:4      | Found Bihuj's Antique Armour Boutique.
  2308 | D:4      | 2308 ||| SHOPLISTING +2 shield of Resistance {rF++ rC++
                  | Will++} (1903 gold, have 120).
  2308 | D:4      | 2308 ||| SHOPLISTING cloak (121 gold, have 120).
  2308 | D:4      | 2308 ||| SHOPLISTING glowing scale mail (189 gold, have
                  | 120).
  2308 | D:4      | 2308 ||| SHOPLISTING runed shadow dragon scales (2241 gold,
                  | have 120).
  2308 | D:4      | 2308 ||| SHOPLISTING shimmering scale mail (243 gold, have
                  | 120).
  2308 | D:4      | 2308 ||| SHOPLISTING spiked cloak (256 gold, have 120).
  2308 | D:4      | Noticed an ogre
  2315 | D:4      | HP: 3/32 [ogre/+0 giant spiked club (15)]
  2318 | D:4      | Killed an ogre
  2319 | D:4      | Reached skill level 5 in Axes
  2492 | D:4      | Noticed Natasha
  2499 | D:4      | Killed Natasha
  2500 | D:4      | Reached XP level 6. HP: 33/38 MP: 6/6
  2515 | D:4      | Noticed Natasha
  2521 | D:4      | Killed Natasha
  2530 | D:4      | Noticed Natasha
  2536 | D:4      | Killed Natasha
  2810 | D:4      | 2810 ||| Stepping ~*~*~tactically~*~*~ (stealth).
  2813 | D:4      | 2813 ||| Stepping ~*~*~tactically~*~*~ (stealth).
  2920 | D:4      | Reached skill level 6 in Axes
  2920 | D:4      | Reached XP level 7. HP: 43/43 MP: 7/7
  2936 | D:4      | 2936 ||| Stepping ~*~*~tactically~*~*~ (stealth).
  2970 | D:4      | Reached skill level 1 in Dodging
  2975 | D:4      | 2975 ||| Stepping ~*~*~tactically~*~*~ (stealth).
  3012 | D:4      | 3012 ||| DROPPING +0 flail.
  3110 | D:4      | Found a glowing golden altar of the Shining One.
  3116 | D:4      | Found a basalt altar of Yredelemnul.
  3120 | D:4      | Noticed a profane servitor
  3293 | D:4      | Noticed Dowan
  3298 | D:4      | Killed Dowan
  3316 | D:4      | Noticed Duvessa
  3322 | D:4      | HP: 10/43 [Duvessa/+0 rapier (2)]
  3327 | D:4      | Killed Duvessa
  3328 | D:4      | Reached skill level 7 in Axes
  3550 | D:4      | Noticed an angel
  3552 | D:4      | 3552 ||| READING scroll labelled NOTUGI GIOGRECK.
  3553 | D:4      | 3553 ||| READING scroll labelled GIUWA PITTOO.
  3654 | D:4      | 3654 ||| DRINKING 5 purple potions.
  3697 | D:5      | Entered Level 5 of the Dungeon
  3772 | D:5      | 3772 ||| Stepping ~*~*~tactically~*~*~ (hiding).
  3806 | D:5      | Noticed Eustachio
  3807 | D:5      | 3807 ||| Stepping ~*~*~tactically~*~*~ (hiding).
  3829 | D:5      | Killed Eustachio
  3830 | D:5      | Reached XP level 8. HP: 49/51 MP: 8/8
  3834 | D:5      | Noticed Edmund
  3835 | D:5      | 3835 ||| Stepping ~*~*~tactically~*~*~ (stealth).
  3852 | D:5      | Killed Edmund
  3910 | D:5      | 3910 ||| Stepping ~*~*~tactically~*~*~ (stealth).
  4059 | D:5      | 4059 ||| Stepping ~*~*~tactically~*~*~ (hiding).
  4062 | D:5      | 4062 ||| Stepping ~*~*~tactically~*~*~ (hiding).
  4210 | D:5      | 4210 ||| Stepping ~*~*~tactically~*~*~ (stealth).
  4212 | D:5      | Noticed Pikel
  4217 | D:5      | 4217 ||| Stepping ~*~*~tactically~*~*~ (stealth).
  4219 | D:5      | 4219 ||| Stepping ~*~*~tactically~*~*~ (stealth).
  4229 | D:5      | Killed Pikel
  4230 | D:5      | Reached skill level 8 in Axes
  4411 | D:5      | Reached skill level 6 in Fighting
  4411 | D:5      | Reached XP level 9. HP: 54/55 MP: 9/9
  4443 | D:5      | Reached skill level 9 in Axes
  4479 | D:5      | 4479 ||| UPGRADING to +5 ring of evasion.
  4480 | D:5      | 4480 ||| READING scroll labelled SUTUGI MIXKU EFUST.
  4481 | D:5      | 4481 ||| DRINKING 2 coppery potions.
  4482 | D:5      | 4482 ||| DROPPING potion of brilliance.
  4483 | D:5      | 4483 ||| DROPPING potion of invisibility.
  4553 | D:6      | 4553 ||| READING scroll of enchant armour.
  4553 | D:6      | 4553 ||| ENCHANTING +0 helmet.
  4642 | D:6      | 4642 ||| Stepping ~*~*~tactically~*~*~ (stealth).
  4646 | D:6      | 4646 ||| Stepping ~*~*~tactically~*~*~ (stealth).
  4648 | D:6      | 4648 ||| Stepping ~*~*~tactically~*~*~ (stealth).
  4765 | D:6      | Found a staircase to the Ecumenical Temple.
  4766 | D:6      | 4766 ||| PLANNING TEMPLE
  4767 | D:6      | 4767 ||| Stepping ~*~*~tactically~*~*~ (hiding).
  4780 | D:6      | 4780 ||| READING scroll labelled MUKHYE JA XAE.
  4781 | D:6      | 4781 ||| READING 2 scrolls of identify.
  4781 | D:6      | 4781 ||| IDENTIFYING inky potion
  4789 | Temple   | Entered the Ecumenical Temple
  4943 | Temple   | 4943 ||| PLANNING OKAWARU WORSHIP
  4984 | Temple   | Became a worshipper of Warmaster Okawaru
  4985 | Temple   | 4985 ||| PLANNING D:1-11
  5104 | D:6      | 5104 ||| Stepping ~*~*~tactically~*~*~ (stealth).
  5302 | D:6      | 5302 ||| Stepping ~*~*~tactically~*~*~ (stealth).
  5351 | D:6      | 5351 ||| READING 2 scrolls of identify.
  5351 | D:6      | 5351 ||| IDENTIFYING sedimented pink potion
  5352 | D:6      | 5352 ||| DROPPING potion of berserk rage.
  5414 | D:7      | 5414 ||| STAIRDANCE
  5424 | D:6      | Reached * piety under Okawaru
  5498 | D:7      | 5498 ||| Stepping ~*~*~tactically~*~*~ (cloud).
  5499 | D:7      | 5499 ||| Stepping ~*~*~tactically~*~*~ (cloud).
  5503 | D:7      | 5503 ||| INVOKING Heroism.
  5508 | D:7      | Reached skill level 10 in Axes
  5611 | D:7      | 5611 ||| Stepping ~*~*~tactically~*~*~ (stealth).
  5614 | D:7      | 5614 ||| Stepping ~*~*~tactically~*~*~ (hiding).
  5617 | D:7      | 5617 ||| Stepping ~*~*~tactically~*~*~ (hiding).
  5636 | D:7      | 5636 ||| Stepping ~*~*~tactically~*~*~ (stealth).
  5640 | D:7      | 5640 ||| Stepping ~*~*~tactically~*~*~ (hiding).
  5642 | D:7      | 5642 ||| Stepping ~*~*~tactically~*~*~ (hiding).
  5647 | D:7      | 5647 ||| INVOKING Heroism.
  5648 | D:7      | 5648 ||| INVOKING Heroism.
  5651 | D:7      | Reached skill level 1 in Invocations
  5724 | D:7      | 5724 ||| Stepping ~*~*~tactically~*~*~ (hiding).
  5726 | D:7      | 5726 ||| Stepping ~*~*~tactically~*~*~ (hiding).
  5727 | D:7      | 5727 ||| Stepping ~*~*~tactically~*~*~ (hiding).
  5864 | D:7      | 5864 ||| DRINKING 4 potions of curing.
  5864 | D:7      | 5864 ||| (to cure confusion)
  5869 | D:7      | Reached XP level 10. HP: 62/63 MP: 10/12
  5911 | D:7      | 5911 ||| INVOKING Heroism.
  5913 | D:7      | Reached skill level 3 in Invocations
  5966 | D:7      | 5966 ||| Stepping ~*~*~tactically~*~*~ (hiding).
  5967 | D:7      | 5967 ||| Stepping ~*~*~tactically~*~*~ (hiding).
  6143 | D:7      | Found a hazy altar of Hepliaklqana.
  6336 | D:7      | 6336 ||| READING scroll labelled GESHRE FIUZA.
  6339 | D:7      | 6339 ||| READING 3 scrolls of identify.
  6339 | D:7      | 6339 ||| IDENTIFYING bubbling silvery potion
  6360 | D:8      | 6360 ||| Stepping ~*~*~tactically~*~*~ (stealth).
  6363 | D:8      | 6363 ||| FLEEEEING.
  6364 | D:8      | 6364 ||| FLEEEEING.
  6365 | D:8      | 6365 ||| FLEEEEING.
  6366 | D:8      | 6366 ||| STAIRDANCE
  6427 | D:8      | Noticed an orange crystal statue
  6514 | D:8      | Noticed Psyche
  6515 | D:8      | 6515 ||| INVOKING Heroism.
  6532 | D:8      | HP: 15/64 [something (6)]
  6535 | D:8      | HP: 7/64 [something (2)]
  6539 | D:8      | HP: 3/64 [something (5)]
  6542 | D:8      | HP: 1/64 [something (3)]
  6544 | Abyss:1  | Cast into level 1 of the Abyss (Psyche)
  6626 | Abyss:1  | 6626 ||| INVOKING Heroism.
  6650 | Abyss:1  | 6650 ||| INVOKING Heroism.
  6683 | Abyss:1  | 6683 ||| Stepping ~*~*~tactically~*~*~ (stealth).
  6684 | Abyss:1  | 6684 ||| Stepping ~*~*~tactically~*~*~ (stealth).
  6708 | Abyss:1  | 6708 ||| INVOKING Heroism.
  6748 | Abyss:1  | 6748 ||| INVOKING Heroism.
  6797 | Abyss:1  | Noticed a wretched star
  6798 | Abyss:1  | 6798 ||| Stepping ~*~*~tactically~*~*~ (stealth).
  6823 | Abyss:1  | Noticed a black draconian
  6824 | Abyss:1  | 6824 ||| Stepping ~*~*~tactically~*~*~ (stealth).
  6825 | Abyss:1  | 6825 ||| Stepping ~*~*~tactically~*~*~ (stealth).
  6828 | Abyss:1  | 6828 ||| INVOKING Heroism.
  6829 | Abyss:1  | HP: 15/64 [rock wall collision (11)]
  6832 | Abyss:1  | HP: 5/64 [black draconian/+0 scimitar (11)]
  6835 | Abyss:1  | Killed from afar by a black draconian

Levels and vault maps discovered:
D:1:      ebering_trefoil_twist, layout_basic, serial_shops,
          nicolae_lakefront_shop, hellmonk_ecumenical_altar_lost_god
D:2:      layout_basic, basic_altar, uniq_jessica
D:3:      layout_loops_cross, uniq_robin
D:4:      old_forge, layout_loops_ring, grunt_temple_overflow_holy_war,
          serial_shops, shop_statue, uniq_duvessa, uniq_natasha
D:5:      layout_basic, uniq_eustachio, uniq_edmund, uniq_pikel
D:6:      layout_rooms, minmay_temple_entry_proselytizer
D:7:      layout_loops_ring, nzn_hepliaklqana_mist_gate, eino_tiny_chamber,
          minmay_hedge_maze, nicolae_concentric_dashed_squares_wild,
          mrwooster_statue_mirror
D:8:      layout_basic, lemuel_tele_altar, serial_aquarium,
          aquarium_bridge_straight [aquarium_subvault_bridge,
          aquarium_subvault_wall, aquarium_subvault_bridge,
          aquarium_subvault_wall], aquarium_bridge_straight
          [aquarium_subvault_bridge, aquarium_subvault_wall,
          aquarium_subvault_bridge, aquarium_subvault_wall],
          aquarium_window_corner, aquarium_window_2, aquarium_window_1,
          aquarium_window_fake, aquarium_view_2a, aquarium_balcony_5a,
          aquarium_pool_S, disabler_island, uniq_psyche
Temple:   grunt_temple_mini_profane
Abyss:1:  base:
D:1

Skill      XL: |  1  2  3  4  5  6  7  8  9 10 |
---------------+-------------------------------+-----
Axes           | 2 3 4 5 6 7 8 10 | 10.4
Throwing       | 1 2 |  2.2
Fighting       | 4 5 6 7 8 |  8.3
Dodging        | 1 |  1.4
Armour         | 5 |  5.0
Shields        | 4 5 |  5.2
Invocations    | 2 4 |  4.0

Action                     |  1- 3 |  4- 6 |  7- 9 | 10-12 || total
---------------------------+-------+-------+-------+-------++-------
  Melee: War axe           |    87 |    73 |   247 |    92 ||   499
  Throw: Boomerang         |     5 |       |       |       ||     5
         Javelin           |       |    35 |    20 |       ||    55
 Invoke: Heroism           |       |       |     2 |     7 ||     9
    Use: Scroll            |     3 |     5 |     7 |     2 ||    17
         Potion            |     1 |     1 |     3 |       ||     5
 Armour: Scale mail        |    40 |    14 |       |       ||    54
         Chain mail        |       |    17 |   155 |    41 ||   213
  Dodge: Dodged            |    30 |    25 |   104 |    41 ||   200
  Block: Buckler           |     6 |     9 |    49 |    20 ||    84

Table legend:
 A = Non-vault XP
 B = Vault XP
 C = Vault XP percentage of total XP
 D = Non-vault monster count
 E = Vault monster count
 F = Vault count percentage of total count
                 A         B        C        D         E       F
            +---------+---------+-------+---------+---------+-------
      Total |    5090 |    1624 |  24.2 |     153 |      32 |  17.3
            +---------+---------+-------+---------+---------+-------
        D:1 |      32 |       0 |   0.0 |      22 |       0 |   0.0
        D:2 |      42 |      37 |  46.8 |      16 |       1 |   5.9
        D:3 |      32 |      35 |  52.2 |      13 |      11 |  45.8
        D:4 |     333 |     518 |  60.9 |      12 |      16 |  57.1
        D:5 |     474 |     993 |  67.7 |      29 |       3 |   9.4
        D:6 |    1308 |      41 |   3.0 |      19 |       1 |   5.0
        D:7 |    1130 |       0 |   0.0 |      21 |       0 |   0.0
        D:8 |     780 |       0 |   0.0 |      14 |       0 |   0.0
    Abyss:1 |     959 |       0 |   0.0 |       7 |       0 |   0.0
            +---------+---------+-------+---------+---------+-------
